SNL (28 & UNDER)
BLACKIRON DRAGONS @ WEST PALM REDS
06/29/2023
 
TOP OF THE 1ST
BlackIron Dragons batting - Pitching for West Palm Reds : LHP Pat Candelária
Pitching: LHP Pat Candelária
Batting: RHB Kenneth Hilton 0-0: Ball
1-0: Fly out, F9 (Flyball, 9D)
Batting: RHB Dallas Blair 0-0: Ground out 5-3 (Groundball, 5)
Batting: RHB Cole Ball 0-0: Ball
1-0: Called Strike
1-1: Called Strike
1-2: Foul Ball, location: 2F
1-2: Foul Ball, location: 2F
1-2: Ball
2-2: Foul Ball, location: 2F
2-2: Ball
3-2: Base on Balls
Batting: RHB Leroy Jamison 0-0: Ball
1-0: Foul Ball, location: 2F
1-1: Ground out 5-3 (Groundball, 5L)
Top of the 1st over - 0 run(s), 0 hit(s), 0 error(s), 1 left on base; BlackIron 0 - West Palm 0
BOTTOM OF THE 1ST
West Palm Reds batting - Pitching for BlackIron Dragons : RHP Ángel Polanco
Pitching: RHP Ángel Polanco
Batting: SHB Francis Shaffer 0-0: Swinging Strike
0-1: Ball
1-1: Swinging Strike
1-2: Fly out, F7 (Flyball, 7M)
Batting: RHB Juan Vareas 0-0: Foul Ball, location: 2F
0-1: Ball
1-1: Ball
2-1: Foul Ball, location: 2F
2-2: Ball
3-2: Strikes out swinging
Batting: LHB Enrique Cortéz 0-0: Called Strike
0-1: SINGLE (Groundball, 34)
Batting: LHB Jeff McKinney 0-0: Ball
1-0: Ball
2-0: Ball
3-0: Called Strike
3-1: Ground out U3 (Groundball, 3S)
Bottom of the 1st over - 0 run(s), 1 hit(s), 0 error(s), 1 left on base; BlackIron 0 - West Palm 0
TOP OF THE 2ND
BlackIron Dragons batting - Pitching for West Palm Reds : LHP Pat Candelária
Batting: LHB Brian Roy 0-0: Called Strike
0-1: Ground out U3 (Groundball, 3S)
Batting: RHB Phil Jacobs 0-0: Ground out 1-3 (Groundball, 15)
Batting: RHB Brian Jackson 0-0: Ball
1-0: Swinging Strike
1-1: Foul Ball, location: 2F
1-2: Strikes out swinging
Top of the 2nd over - 0 run(s), 0 hit(s), 0 error(s), 0 left on base; BlackIron 0 - West Palm 0
BOTTOM OF THE 2ND
West Palm Reds batting - Pitching for BlackIron Dragons : RHP Ángel Polanco
Batting: SHB Todd Smith 0-0: Ball
1-0: Ground out U3 (Groundball, 3S)
Batting: RHB Jack Ray 0-0: Ball
1-0: Foul Ball, location: 2F
1-1: Foul Ball, location: 2F
1-2: Foul Ball, location: 2F
1-2: Ball
2-2: Strikes out looking
Batting: LHB Jeff Doss 0-0: Called Strike
0-1: Ball
1-1: Ball
2-1: Ground out 4-3 (Groundball, 4)
Bottom of the 2nd over - 0 run(s), 0 hit(s), 0 error(s), 0 left on base; BlackIron 0 - West Palm 0
TOP OF THE 3RD
BlackIron Dragons batting - Pitching for West Palm Reds : LHP Pat Candelária
Batting: RHB Joaquín Rosales 0-0: Ball
1-0: Foul Ball, location: 2F
1-1: Ball
2-1: Fly out, F8 (Flyball, 8RM)
Batting: RHB Boyd Pittman 0-0: Called Strike
0-1: Ball
1-1: Ground out 5-3 (Groundball, 56)
Batting: RHB Kenneth Hilton 0-0: Ball
1-0: Called Strike
1-1: Ball
2-1: Called Strike
2-2: Ball
3-2: Base on Balls
Batting: RHB Dallas Blair 0-0: Called Strike
0-1: Ball
1-1: Ball
2-1: SINGLE (Flyball, 7S)
Kenneth Hilton to second
Batting: RHB Cole Ball 0-0: Ball
1-0: Called Strike
1-1: SINGLE (Groundball, 4MD)
Kenneth Hilton to third
Dallas Blair to second
Runner from 3rd tries for Home, SAFE, no throw or cutoff
Batting: RHB Leroy Jamison 0-0: Swinging Strike
0-1: Ball
1-1: Ground out 6-3 (Groundball, 6)
Top of the 3rd over - 1 run(s), 2 hit(s), 0 error(s), 2 left on base; BlackIron 1 - West Palm 0
BOTTOM OF THE 3RD
West Palm Reds batting - Pitching for BlackIron Dragons : RHP Ángel Polanco
Batting: LHB Bill Smith 0-0: SINGLE (Groundball, 34D) (infield hit)
Batting: SHB Alex Hayes 0-0: Called Strike
0-1: Foul Ball, location: 2F
0-2: Ball
1-2: Ball
2-2: Ball
3-2: DOUBLE (Line Drive, 7LM)
Bill Smith to third
Bill Smith scores
Batting: SHB Francis Shaffer 0-0: Called Strike
0-1: Foul Ball, location: 2F
0-2: Ball
1-2: Foul Ball, location: 2F
1-2: Ball
2-2: Strikes out looking
Batting: RHB Juan Vareas 0-0: Ball
1-0: Ball
2-0: Ball
3-0: Swinging Strike
3-1: Ground out 4-3 (Groundball, 4)
Alex Hayes to third
Batting: LHB Enrique Cortéz 0-0: Called Strike
0-1: Called Strike
0-2: Ball
1-2: Ball
2-2: SINGLE (Flyball, 8RS)
Alex Hayes scores
Batting: LHB Jeff McKinney 0-0: Ball
1-0: Called Strike
1-1: Ball
2-1: Foul Ball, location: 2F
2-2: Foul Ball, location: 2F
2-2: Fly out, F9 (Flyball, 89XD)
Bottom of the 3rd over - 2 run(s), 3 hit(s), 0 error(s), 1 left on base; BlackIron 1 - West Palm 2
TOP OF THE 4TH
BlackIron Dragons batting - Pitching for West Palm Reds : LHP Pat Candelária
Batting: LHB Brian Roy 0-0: Called Strike
0-1: Ground out 6-3 (Groundball, 6M)
Batting: RHB Phil Jacobs 0-0: Ball
1-0: Ground out 6-3 (Groundball, 6M)
Batting: RHB Brian Jackson 0-0: Called Strike
0-1: Ball
1-1: Ball
2-1: Ball
3-1: Called Strike
3-2: Base on Balls
Batting: RHB Joaquín Rosales 0-0: Foul Ball, location: 2F
0-1: Fly out, F7 (Flyball, 78M)
Top of the 4th over - 0 run(s), 0 hit(s), 0 error(s), 1 left on base; BlackIron 1 - West Palm 2
BOTTOM OF THE 4TH
West Palm Reds batting - Pitching for BlackIron Dragons : RHP Ángel Polanco
Batting: SHB Todd Smith 0-0: SINGLE (Line Drive, 9S)
Batting: RHB Jack Ray 0-0: Ball
1-0: Foul Ball, location: 2F
1-1: Ball
2-1: Ball
3-1: Fly out, F7 (Line Drive, 7M)
Batting: LHB Jeff Doss 0-0: Swinging Strike
0-1: Foul Ball, location: 2F
0-2: SINGLE (Line Drive, 34)
Todd Smith to second
Batting: LHB Bill Smith 0-0: Ball
1-0: Foul Ball, location: 2F
1-1: Ball
2-1: Called Strike
2-2: Strikes out swinging
Batting: SHB Alex Hayes 0-0: Fielders Choice at 2nd, U4 (Groundball, 4M)
Bottom of the 4th over - 0 run(s), 2 hit(s), 0 error(s), 2 left on base; BlackIron 1 - West Palm 2
TOP OF THE 5TH
BlackIron Dragons batting - Pitching for West Palm Reds : LHP Pat Candelária
Batting: RHB Boyd Pittman 0-0: Ball
1-0: Called Strike
1-1: Swinging Strike
1-2: Strikes out swinging
Batting: RHB Kenneth Hilton 0-0: Ball
1-0: Ball
2-0: Called Strike
2-1: Swinging Strike
2-2: Strikes out swinging
Batting: RHB Dallas Blair 0-0: Ground out 5-3 (Groundball, 5)
Top of the 5th over - 0 run(s), 0 hit(s), 0 error(s), 0 left on base; BlackIron 1 - West Palm 2
BOTTOM OF THE 5TH
West Palm Reds batting - Pitching for BlackIron Dragons : RHP Ángel Polanco
Batting: SHB Francis Shaffer 0-0: Called Strike
0-1: Ball
1-1: Foul Ball, location: 2F
1-2: Ball
2-2: Foul Ball, location: 2F
2-2: Foul Ball, location: 2F
2-2: Ground out U3 (Groundball, 3)
Batting: RHB Juan Vareas 0-0: Fly out, F8 (Flyball, 89S)
Batting: LHB Enrique Cortéz 0-0: Ball
1-0: Swinging Strike
1-1: Fly out, F9 (Flyball, 89D)
Bottom of the 5th over - 0 run(s), 0 hit(s), 0 error(s), 0 left on base; BlackIron 1 - West Palm 2
TOP OF THE 6TH
BlackIron Dragons batting - Pitching for West Palm Reds : LHP Pat Candelária
Batting: RHB Cole Ball 0-0: Ball
1-0: SOLO HOME RUN (Line Drive, 8LXD), Distance : 439 ft
Batting: RHB Leroy Jamison 0-0: Ball
1-0: Swinging Strike
1-1: Ball
2-1: Ball
3-1: Foul Ball, location: 2F
3-2: Strikes out looking
Batting: LHB Brian Roy 0-0: Called Strike
0-1: Ball
1-1: Foul Ball, location: 2F
1-2: Strikes out swinging
Batting: RHB Phil Jacobs 0-0: Ball
1-0: Called Strike
1-1: Swinging Strike
1-2: Strikes out swinging
Top of the 6th over - 1 run(s), 1 hit(s), 0 error(s), 0 left on base; BlackIron 2 - West Palm 2
BOTTOM OF THE 6TH
West Palm Reds batting - Pitching for BlackIron Dragons : RHP Ángel Polanco
Batting: LHB Jeff McKinney 0-0: Ball
1-0: Reached on error, E6 (Groundball, 6M)
Batting: SHB Todd Smith 0-0: SINGLE (Groundball, 34D)
Jeff McKinney to third
Runner from 3rd tries for Home, SAFE, no throw or cutoff
Batting: RHB Jack Ray 0-0: Called Strike
0-1: Ball
1-1: SINGLE (Groundball, 4MD)
Todd Smith to second
Batting: LHB Jeff Doss 0-0: Ball
1-0: Ground out 3-1 (Groundball, 34)
Todd Smith to third
Jack Ray to second
Batting: LHB Bill Smith 0-0: Intentional Walk
Pitching: LHP Vincent Horne
Batting: SHB Alex Hayes 0-0: Fly out, F9 (Flyball, 9M)
Runner from 3rd tags up, SCORES, throw made
Batting: SHB Francis Shaffer 0-0: Ball
1-0: Fielders Choice at 2nd, U4 (Groundball, 4M)
Bottom of the 6th over - 2 run(s), 2 hit(s), 1 error(s), 2 left on base; BlackIron 2 - West Palm 4
TOP OF THE 7TH
BlackIron Dragons batting - Pitching for West Palm Reds : LHP Pat Candelária
Batting: RHB Brian Jackson 0-0: Called Strike
0-1: Ball
1-1: Foul Ball, location: 2F
1-2: Ball
2-2: Ball
3-2: Foul Ball, location: 2F
3-2: Base on Balls
Batting: RHB Joaquín Rosales 0-0: Bunted foul
0-1: Bunted foul
0-2: SINGLE (Line Drive, 6M)
Brian Jackson to second
Batting: RHB Boyd Pittman 0-0: Called Strike
0-1: Swinging Strike
0-2: Ball
1-2: Fly out, F4 (Popup, 4M)
Pitching: RHP Carlos Gonzáles
Pinch Hitting: RHB Ed Sims 0-0: Foul Ball, location: 2F
0-1: Ball
1-1: DOUBLE (Line Drive, 8RXD)
Brian Jackson scores
Joaquín Rosales to third
Runner from 3rd tries for Home, throw and OUT!
Pinch Hitting: LHB Ramón Pérez 0-0: Ball
1-0: Ball
2-0: Ball
Wild Pitch!
Ed Sims to third
3-0: Base on Balls
Batting: RHB Cole Ball 0-0: Fly out, F8 (Flyball, 8LD)
Top of the 7th over - 1 run(s), 2 hit(s), 0 error(s), 2 left on base; BlackIron 3 - West Palm 4
BOTTOM OF THE 7TH
West Palm Reds batting - Pitching for BlackIron Dragons : LHP Vincent Horne
Now at 2B: Ramón Pérez
Now in CF: Culley Vaughan
Batting: RHB Juan Vareas 0-0: Ball
1-0: Ball
2-0: Swinging Strike
2-1: Swinging Strike
2-2: Ball
3-2: Base on Balls
Pitching: LHP Frederick Cesti
Pinch Hitting: RHB Juan López 0-0: Ball
1-0: Foul Ball, location: 2F
1-1: Swinging Strike
1-2: Ball
2-2: Ball
3-2: Foul Ball, location: 2F
3-2: Base on Balls
Juan Vareas to second
Pitching: RHP César Rúbio
Batting: LHB Jeff McKinney 0-0: Grounds into double play, 1-6-3 (Groundball, 13)
Juan Vareas to third
Batting: SHB Todd Smith 0-0: Ball
1-0: Foul Ball, location: 2F
1-1: Foul Ball, location: 2F
1-2: Foul Ball, location: 2F
1-2: Ball
2-2: SINGLE (Line Drive, 89S)
Juan Vareas scores
Batting: RHB Jack Ray Pickoff Throw to First - Out!
Bottom of the 7th over - 1 run(s), 1 hit(s), 0 error(s), 0 left on base; BlackIron 3 - West Palm 5
TOP OF THE 8TH
BlackIron Dragons batting - Pitching for West Palm Reds : RHP Carlos Gonzáles
Now at 1B: Félix García
Now in CF: Jermaine Carter
Now in RF: Juan López
Batting: RHB Leroy Jamison 0-0: Called Strike
0-1: Ball
1-1: Fly out, F4 (Line Drive, 4)
Batting: LHB Brian Roy 0-0: Fly out, F8 (Line Drive, 8LM)
Batting: RHB Phil Jacobs 0-0: Foul Ball, location: 2F
0-1: DOUBLE (Flyball, 89D)
Pitching: RHP Butch Ramey
Batting: RHB Brian Jackson 0-0: Ball
1-0: Fly out, F9 (Flyball, 89M)
Top of the 8th over - 0 run(s), 1 hit(s), 0 error(s), 1 left on base; BlackIron 3 - West Palm 5
BOTTOM OF THE 8TH
West Palm Reds batting - Pitching for BlackIron Dragons : RHP César Rúbio
Batting: RHB Jack Ray 0-0: Foul Ball, location: 2F
0-1: Foul Ball, location: 2F
0-2: Ball
1-2: Foul Ball, location: 2F
1-2: Foul Ball, location: 2F
1-2: Ball
2-2: Ball
3-2: SINGLE (Groundball, 34)
Batting: LHB Jeff Doss 0-0: Sac Bunt - play at first, batter OUT! 2-3
Jack Ray to second
Batting: LHB Bill Smith 0-0: Intentional Walk
Batting: SHB Alex Hayes 0-0: Called Strike
0-1: SINGLE (Groundball, 56D)
Jack Ray to third
Bill Smith to second
Pinch Hitting: LHB Raúl Cordero 0-0: Called Strike
0-1: Grounds into fielders choice 1-2 (Groundball, 25)
Bill Smith to third
Alex Hayes to second
Pinch Hitting: LHB Manny Ortíz 0-0: Ball
1-0: Ball
2-0: Fly out, F8 (Flyball, 8RD)
Bottom of the 8th over - 0 run(s), 2 hit(s), 0 error(s), 3 left on base; BlackIron 3 - West Palm 5
TOP OF THE 9TH
BlackIron Dragons batting - Pitching for West Palm Reds : RHP Butch Ramey
Pitching: RHP Kei Hashimoto
Now at 1B: Raúl Cordero
Now at 3B: Ánibal Martínez
Batting: RHB Joaquín Rosales 0-0: Ball
1-0: Called Strike
1-1: Foul Ball, location: 2F
1-2: Ball
2-2: Strikes out looking
Batting: RHB Boyd Pittman 0-0: Ground out 4-3 (Groundball, 4)
Batting: LHB Culley Vaughan 0-0: Ball
1-0: Called Strike
1-1: Ball
2-1: Fly out, F8 (Flyball, 8RM)
Top of the 9th over - 0 run(s), 0 hit(s), 0 error(s), 0 left on base; BlackIron 3 - West Palm 5
This league is powered by Out of the Park Baseball, the baseball management simulation game for PC, Mac and Linux
Wednesday, December 2nd, 2015 - OOTP Baseball 16.8 Build 38